 Dungeon Crawl Stone Soup version 0.17.2-1-ge4368a0 (webtiles) character file.

1147 Goblin1989 the Insei (level 7, -2/51 HPs)
             Began as a Demigod Transmuter on Oct 5, 2016.
             Slain by an ogre
             ... wielding a +0 giant club
              (6 damage)
             ... on level 5 of the Dungeon.
             The game lasted 00:20:33 (7255 turns).

Goblin1989 the Insei (Demigod Transmuter)           Turns: 7255, Time: 00:20:33

Health: -2/51      AC: 11    Str: 15    XL:     7   Next: 93%
Magic:  10/12      EV: 10    Int: 17    God:
Gold:   87         SH:  0    Dex: 16    Spells: 3 memorised, 1 level left

rFire  + . .     SeeInvis .       - Unarmed
rCold  . . .     Clarity  +     A - +1 scale mail {rPois}
rNeg   . . .     SustAt   +     (no shield)
rPois  +         Gourm    .     (no helmet)
rElec  .         Spirit   .     o - +1 cloak
rCorr  .         Warding  .     f - +0 pair of gloves
rMut   .         Stasis   .     (no boots)
MR     .....                    j - amulet of clarity
Stlth  ..........               (no ring)
                                v - ring of wizardry

@: very slightly contaminated, not resistant to hostile enchantments, extremely
unstealthy
A: dopey 1, fire resistance 1, frail 1, high mp 1, mutation resistance 1,
sustain attributes
a: no special abilities


You were on level 5 of the Dungeon.
You were not hungry.

You visited 1 branch of the dungeon, and saw 6 of its levels.
You also visited: Sewer.

You collected 256 gold pieces.
You spent 169 gold pieces at shops.

Inventory:

Missiles
 a - 54 arrows
Armour
 f - a +0 pair of gloves (worn)
 o - a +1 cloak (worn)
 A - a +1 scale mail of poison resistance (worn)
Jewellery
 j - an amulet of clarity (around neck)
 v - a ring of wizardry (left hand)
Wands
 y - a wand of teleportation (1) {@v4}
Scrolls
 e - a scroll of fear {unknown}
 g - a scroll of fog
 p - a scroll of immolation {unknown}
 q - 2 scrolls of enchant armour {unknown}
 r - a scroll of enchant weapon {unknown}
 s - a scroll of remove curse {@r2}
 t - 2 scrolls of amnesia {unknown}
 B - a scroll of blinking
 R - a scroll of identify {@r1}
Potions
 h - 2 potions of flight {unknown}
 k - 3 potions of curing {@q1}
 l - 4 potions of heal wounds {@q2}
 m - 2 potions of resistance
 n - a potion of invisibility {unknown}
 x - 2 potions of poison {unknown}
 z - a potion of cancellation {unknown}
Books
 c - a book of Changes

   Spells                             Type                      Level
   a - Beastly Appendage              Transmutation                1
   b - Sticks to Snakes               Transmutation                2
   c - Spider Form                    Transmutation/Poison         3
   d - Ice Form                       Ice/Transmutation            4
   e - Blade Hands                    Transmutation                5
Comestibles
 b - 3 meat rations
 d - 3 bread rations
 i - 2 slices of pizza
 u - 2 beef jerkies


   Skills:
 + Level 3.4 Fighting
 + Level 3.8 Armour
 - Level 1.7 Dodging
 * Level 6.3 Unarmed Combat
 - Level 1.7 Spellcasting
 + Level 4.3 Transmutations


You had one spell level left.
You knew the following spells:

 Your Spells              Type           Power        Failure   Level  Hunger
a - Beastly Appendage     Trmt           ###...       6%          1    #......
b - Sticks to Snakes      Trmt           ###.......   9%          2    ###....
c - Blade Hands           Trmt           ###.......   97%         5    ######.


Dungeon Overview and Level Annotations

Branches:
Dungeon (6/15)             Temple (0/1) D:5

Shops:
D:5 [


Innate Abilities, Weirdness & Mutations

You have an increased reservoir of magic (+10% MP).
Your attributes are resistant to harm.
You are dopey. (Int -2)
Your flesh is heat resistant.
You are frail (-10% HP).
You are somewhat resistant to further mutation.


Message History

An ogre comes into view. It is wielding a giant club.
Casting: Beastly Appendage
Confirm with . or Enter, or press ? or * to list all spells.
You miscast Beastly Appendage.
You are very lightly contaminated with residual magic.
You feel a strange surge of energy!
The ogre shouts!
You now have 9/12 mp.
Your ball python withers and dies!
The ogre hits you with a giant club!
You take 9 damage, and have 20/51 hp.
You closely miss the ogre. The ogre hits you with a giant club!
* * * LOW HITPOINT WARNING * * *
You take 16 damage, and have 4/51 hp.
MASSIVE DAMAGE!!
You hit the ogre.
The ogre is lightly wounded.
You completely miss the ogre.
The ogre is lightly wounded.
The ogre hits you with a giant club.
You die...

ਜ............∆...ਜ....ਜ......
ਜਜ..^^....ਜਜ..ਜਜ.ਜਜ....ਜਜ...ਜਜ
ਜਜਜਜ..^⌂.....ਜਜਜਜਜਜਜਜ......ਜ...ਜਜ
ਜ.......^...........ਜ......ਜ.....
....ਜ...............ਜ......ਜ.....
....ਜ....∆...ਜਜ.....ਜ......ਜ.....
....ਜ....ਜ...ਜਜ.....ਜ......ਜ.....
....ਜ....ਜ...ਜ......ਜ......ਜ..ਜਜ.
ਜਜ∆ਜਜ....ਜ...∆.O@..)ਜ)....ਜਜ..ਜਜ.
.....ਜਜਜਜਜ...ਜ......∆)....ਜ......
.....ਜ.......ਜ......ਜ.....∆......
.....ਜ.......ਜਜਜਜ∆ਜਜਜ.....ਜ......
.....ਜ.......ਜ............ਜ...ਜਜ.
.....ਜ.ਜ>ਜ.ਜ.ਜ.ਜ.ਜ.ਜ.ਜ.ਜ.ਜ.ਜ∆ਜਜਜ.
ਜਜਜਜਜਜ.........................ਜ.
......)ਜ.ਜ.ਜ.ਜ.ਜ.ਜ.ਜ.ਜ.ਜ.ਜ.ਜ...ਜ.
...............................ਜ.


You could see an ogre.

Vanquished Creatures
  Eustachio (D:5)
  A centaur (D:5)
  4 ogres
  A sky beast (D:5)
  A big kobold (Sewer)
  A scorpion (D:5)
  A crimson imp (D:5)
  A centaur skeleton (D:5)
  4 worker ants
  A killer bee zombie (D:5)
  A hound skeleton (D:4)
  7 adders
  3 oozes
  4 worms
  An adder skeleton (D:4)
  7 orcs
  7 bats
  9 hobgoblins
  5 jackals
  12 kobolds
  2 quokkas
  3 ball pythons
  9 giant cockroaches
  2 giant geckos
  6 giant newts
  5 goblins
  12 rats
111 creatures vanquished.

Vanquished Creatures (collateral kills)
  A scorpion (D:6)
  A crimson imp (D:6)
  A worker ant (D:4)
  An adder (D:6)
  A quokka (D:5)
  A giant newt (D:4)
6 creatures vanquished.

Vanquished Creatures (others)
  A quokka (D:5)
1 creature vanquished.

Grand Total: 118 creatures vanquished

Notes
Turn   | Place    | Note
--------------------------------------------------------------
     0 | D:1      | Goblin1989 the Demigod Transmuter began the quest for the Orb.
     0 | D:1      | Reached XP level 1. HP: 15/15 MP: 5/5
    82 | D:1      | Found a shattered altar of Ashenzari.
   136 | D:1      | Reached skill level 1 in Fighting
   754 | D:1      | Reached XP level 2. HP: 23/23 MP: 7/7
   849 | D:1      | Reached skill level 1 in Armour
   889 | D:1      | Reached skill level 3 in Unarmed Combat
  1383 | D:2      | Found a snail-covered altar of Cheibriados.
  1476 | D:2      | Learned a level 2 spell: Sticks to Snakes
  1557 | D:2      | Reached XP level 3. HP: 3/28 MP: 8/8
  2686 | D:3      | Reached XP level 4. HP: 25/35 MP: 9/9
  3411 | D:3      | Noticed an ogre
  3421 | D:3      | Killed an ogre
  3421 | D:3      | Reached skill level 4 in Unarmed Combat
  3421 | D:3      | Reached XP level 5. HP: 13/41 MP: 8/10
  4081 | D:4      | Gained mutation: Your flesh is heat resistant. [potion of mutation]
  4081 | D:4      | Gained mutation: You are frail (-10% HP). [potion of mutation]
  4081 | D:4      | Gained mutation: You are somewhat resistant to further mutation. [potion of mutation]
  4798 | D:5      | Entered Level 5 of the Dungeon
  4822 | D:5      | HP: 1/36 [orc/mace (5)]
  5197 | D:5      | Reached XP level 6. HP: 27/43 MP: 11/11
  5331 | D:5      | Reached skill level 5 in Unarmed Combat
  5338 | D:5      | Learned a level 5 spell: Blade Hands
  5347 | D:5      | Found a bloodstained altar of Trog.
  5485 | D:5      | Found a shattered altar of Ashenzari.
  5547 | D:5      | Found a shimmering altar of Xom.
  5720 | D:5      | Found Pouph's Armour Emporium.
  5730 | D:5      | Bought a +1 scale mail of poison resistance for 169 gold pieces
  5931 | D:5      | Noticed Eustachio
  5962 | D:6      | Found a glowing drain.
  6049 | Sewer    | Entered a sewer
  6119 | Sewer    | Reached XP level 7. HP: 38/50 MP: 12/12
  6216 | Sewer    | Found a white marble altar of Elyvilon.
  6600 | D:5      | Found a staircase to the Ecumenical Temple.
  6710 | D:5      | Noticed an ogre
  6713 | D:5      | Noticed a sky beast
  6719 | D:5      | Killed an ogre
  6738 | D:5      | Killed a sky beast
  6744 | D:5      | Gained mutation: You are dopey. (Int -2) [mutagenic meat]
  6966 | D:5      | Reached skill level 6 in Unarmed Combat
  7157 | D:5      | Found a white marble altar of Elyvilon.
  7237 | D:5      | Killed Eustachio
  7255 | D:5      | Slain by an ogre

Action                   |  1- 3 |  4- 6 |  7- 9 || total
-------------------------+-------+-------+-------++-------
Melee: Unarmed           |   223 |   329 |   125 ||   677
 Cast: Beastly Appendage |     1 |     4 |     4 ||     9
       Sticks to Snakes  |       |    10 |     7 ||    17
Evoke: Wand              |       |       |     1 ||     1
  Use: Scroll            |       |     7 |       ||     7
       Potion            |       |     2 |     1 ||     3
  Eat: Chunk             |     6 |     7 |     8 ||    21
       Royal jelly       |       |     1 |       ||     1
       Fruit             |       |     3 |       ||     3

Vault maps used:
D:1:      roderic_crossed_star, nicolae_ashenzari_panopticon
D:2:      nicolae_overflow_crystal_walls, hangedman_abyss_or_decor_stabs
D:4:      first_bread
D:5:      xom_teletrap_fun, elyvilon_altar_4, lemuel_coloured_pillars_altar,
          minmay_temple_entry_fiery, serial_shops, nicolae_shop_crystal,
          st_stairs_13, bloody_trog, uniq_eustachio
D:6:      basic_altar, gup_sewer_entry_glass, centaur_isle
Sewer:    sewer_kobolds
